 Dungeon Crawl Stone Soup version 0.27.1-34-g3ba077fa99 (webtiles) character file.

Game seed: 13009363798019131638

165 Lapinsky1 the Shooter (level 5, 0/42 HPs)
             Began as a Minotaur Hunter on Jan 17, 2022.
             Killed from afar by Ijyb (18 damage)
             ... with an iceblast
             ... on level 3 of the Dungeon.
             The game lasted 00:03:06 (2134 turns).

Lapinsky1 the Shooter (Minotaur Hunter)             Turns: 2134, Time: 00:03:07

Health: 0/42       AC:  3    Str: 16    XL:     5   Next: 21%
Magic:  4/4        EV: 12    Int:  8    God:
Gold:   125        SH:  0    Dex: 12    Spells: 4/4 levels left

rFire    . . .     SeeInvis .   a - +1 shortbow
rCold    . . .     Faith    .   (shield currently unavailable)
rNeg     . . .     Spirit   .   c - +0 leather armour
rPois    .         Reflect  .   (helmet restricted)
rElec    .         Harm     .   (no cloak)
rCorr    .         Rampage  .   (no gloves)
Will     .....                  (no boots)
Stlth    +.........             (no amulet)
HPRegen  0.14/turn              (no ring)
MPRegen  0.09/turn              (no ring)

@: no status effects
A: horns 2, retaliatory headbutt
a: no special abilities


You were on level 3 of the Dungeon.
You visited 1 branch of the dungeon, and saw 3 of its levels.

You collected 125 gold pieces.

Inventory:

Hand Weapons
 a - a +1 shortbow (weapon)
 b - a +0 short sword
 i - a +1 dagger of venom
Missiles
 d - 13 arrows (quivered ammo)
Armour
 c - a +0 leather armour (worn)
Jewellery
 l - a +4 ring of slaying
Scrolls
 e - 4 scrolls of identify {unknown}
 f - a scroll of noise {unknown}
 g - a scroll of immolation {unknown}
 h - 3 scrolls of teleportation {unknown}
 j - a scroll of magic mapping {unknown}
 k - a scroll of blinking {unknown}
 m - a scroll of vulnerability {unknown}
 n - a scroll of enchant armour {unknown}
Potions
 o - a potion of curing {unknown}
 p - a potion of resistance {unknown}


   Skills:
 + Level 2.7 Fighting
 + Level 6.2 Bows
 + Level 3.1 Armour
 + Level 2.3 Dodging
 + Level 1.0 Stealth


You had 4 spell levels left.
You didn't know any spells.
Your spell library contained the following spells:

 Spells                   Type           Power      Damage    Failure   Level
 Magic Dart               Conj           0%         1d3       45%         1
 Searing Ray              Conj           0%         3d3       61%         2
 Fulminant Prism          Conj/Hex       0%         3d6       99%         4


Dungeon Overview and Level Annotations

Branches:
Dungeon (3/15)

Altars:

Shops:
D:2 *

Annotations:
D:3 Ijyb


Innate Abilities, Weirdness & Mutations

You have a pair of horns on your head.
You reflexively headbutt those who attack you in melee.


Message History

Ijyb is severely wounded.
Ijyb hits you with a +0 club.
You are too injured to fight recklessly!
You are too injured to fight recklessly!
You are too injured to fight recklessly!
You are too injured to fight recklessly!
You are too injured to fight recklessly!
You are too injured to fight recklessly!
You are too injured to fight recklessly!
You are too injured to fight recklessly!
You are too injured to fight recklessly!
You are too injured to fight recklessly!
You are too injured to fight recklessly!
You are too injured to fight recklessly!
You are too injured to fight recklessly!
You are too injured to fight recklessly!
You are too injured to fight recklessly!
You are too injured to fight recklessly!
You are too injured to fight recklessly!
You are too injured to fight recklessly!
You are too injured to fight recklessly!
You are too injured to fight recklessly!
You are too injured to fight recklessly!
You are too injured to fight recklessly!
You are too injured to fight recklessly!
You are too injured to fight recklessly!
You are too injured to fight recklessly!
You are too injured to fight recklessly!
You are too injured to fight recklessly!
You are too injured to fight recklessly!
You are too injured to fight recklessly!
You are too injured to fight recklessly!
You are too injured to fight recklessly!
You are too injured to fight recklessly!
You are too injured to fight recklessly!
You are too injured to fight recklessly!
You are too injured to fight recklessly!
You are too injured to fight recklessly!
Ijyb zaps a wand.
The mass of ice explodes!
The iceblast engulfs you!!
You die...

#....)....# #.......
#.........# #.......
#.........# #.......
###...((....#####.......
.....(..........†.......
.....#.g......).........
... #........†.(#####.#
. #...........# #..
#.@.........# ##.
#..........(# .
#..........(# ..
#.....(.....# ##.
#...........# #.
#...........#
####.....$..# ##########


You could see Ijyb.

Vanquished Creatures
  Jessica (D:3)
  2 orc wizards (D:2)
  4 adders
  A worm (D:2)
  3 dart slugs
  2 orcs
  3 bats
  6 endoplasms
  A giant cockroach (D:3)
  4 goblins
  3 hobgoblins
  A quokka (D:1)
  4 ball pythons
  2 frilled lizards
  3 kobolds
  4 rats
44 creatures vanquished.

Notes
Turn   | Place    | Note
-------+----------+-------------------------------------------
     0 | D:1      | Lapinsky1 the Minotaur Hunter began the quest for the Orb.
     0 | D:1      | Reached XP level 1. HP: 18/18 MP: 0/0
   421 | D:1      | Reached XP level 2. HP: 15/25 MP: 1/1
   617 | D:1      | Reached skill level 1 in Armour
  1079 | D:2      | Reached skill level 5 in Bows
  1210 | D:2      | Reached XP level 3. HP: 30/30 MP: 2/2
  1231 | D:2      | Reached XP level 4. HP: 36/37 MP: 3/3
  1410 | D:2      | Found Taas's General Store.
  1522 | D:2      | Found a faded altar of an unknown god.
  1981 | D:3      | Noticed Jessica
  1983 | D:3      | Killed Jessica
  2046 | D:3      | Reached skill level 6 in Bows
  2046 | D:3      | Reached XP level 5. HP: 42/42 MP: 4/4
  2047 | D:3      | Reached skill level 1 in Stealth
  2111 | D:3      | Noticed Ijyb
  2134 | D:3      | Killed from afar by Ijyb

Illustrated notes

Levels and vault maps discovered:
D:1:      scummos_arrival_simple_crosswalls, layout_basic,
          kennysheep_minor_cross, minmay_lizard_pond
D:2:      layout_loops_ring, shapermc_ecumenical_altar_ellora, serial_shops,
          shop
D:3:      layout_basic, mainiacjoe_overflow_tiny_flanked, uniq_ijyb,
          uniq_jessica, uniq_grinder

Skill      XL: |  1  2  3  4  5 |
---------------+----------------+-----
Armour         | 1 3 |  3.1
Bows           | 5 6 |  6.2
Stealth        | 1 |  1.0
Fighting       | |  2.7
Dodging        | |  2.3

Action                   |  1- 3 |  4- 6 || total
-------------------------+-------+-------++-------
 Fire: Shortbow          |    56 |    69 ||   125
Dodge: Dodged            |     3 |    14 ||    17
